AoeStats
← Potatoes are my favourite fruit

Baltic

510930642Analyzed
4v4 RM · 14h ago on Oct 3, 2026· 70m 19s· 8 players
Game mode
Random Map
Map size
Large (8 player)
Population
200
Speed
Normal
Resources
Standard
Victory
Conquest
Starting age
Dark Age
Ending age
Imperial Age
RankedLock teamsTeams togetherTeam positionsShared explorationLock speedFull tech treeHidden civsTurbo modeCheats
Victory
Defeat
🇨🇦 Khmer · Canada
925
+13
🇺🇸 Franks · United States
852
+16
🇲🇽 Celts · Mexico
819
+17
🇲🇽 Spanish · Mexico
811
+17
917
-18
🇦🇺 Romans · Australia
831
-15
🇷🇺 Khmer · Russia
822
-15
🇺🇸 Lithuanians · United States
820
-15
mimotaker
0:51 Loom
12:00 Feudal Age
13:39 Fishing Lines
19:10 Castle Age
19:39 Double-Bit Axe
22:29 Pikeman
26:14 Bow Saw
25:58 Stone Mining
28:26 Medium Warships
28:42 Gillnets
29:23 Fletching
30:29 Wheelbarrow
30:26 Gold Mining
33:35 Hand Cart
34:39 Town Watch
36:01 Padded Archer Armor
42:30 Imperial Age
40:27 Inquisition
40:57 Careening
40:53 Siphons
42:27 Bloodlines
42:55 Husbandry
42:17 Light Cavalry
43:53 Supremacy
44:02 Heavy Warships
45:04 Chemistry
44:13 Scale Barding Armor
45:20 Elite Cannon Galleon
45:39 Cavalier
48:35 Chain Barding Armor
48:21 Squires
51:11 Hussar
52:28 Plate Barding Armor
52:16 Dry Dock
54:27 Elite Conquistador
57:38 Forging
57:29 Scale Mail Armor
60:21 Paladin
61:01 Demolition Ship
62:06 Conscription
61:10 Halberdier
62:55 Leather Archer Armor
62:36 Bodkin Arrow
63:17 Iron Casting
65:01 Two-Man Saw
64:41 Stone Shaft Mining
63:30 Spies/Treason
66:08 Block Printing
66:04 Fervor
65:54 Atonement
66:20 Illumination
65:55 Devotion
66:06 Redemption
66:17 Sanctity
66:17 Heresy
66:33 Theocracy
65:54 Herbal Medicine
66:39 Ring Archer Armor
66:09 Bracer
66:04 Guard Tower
66:26 Masonry
67:45 Town Patrol
69:09 Horse Collar
69:52 Bombard Tower
69:53 Ballistics
69:19 Arrowslits
69:45 Fortified Wall
70:31 Heavy Plow
70:57 Chain Mail Armor
70:35 Gambesons
Lost My Scout
0:39 Loom
17:07 Feudal Age
17:50 Double-Bit Axe
17:58 Stone Mining
18:02 Gold Mining
17:56 Fishing Lines
18:39 Arson
22:11 Castle Age
20:47 Wheelbarrow
19:58 Town Watch
20:47 Fletching
21:08 Forging
20:59 Scale Mail Armor
21:26 Scale Barding Armor
23:03 Gillnets
23:29 Bow Saw
24:44 Gold Shaft Mining
27:33 Fervor
27:19 Herbal Medicine
27:25 Devotion
27:47 Town Patrol
28:06 Hand Cart
33:51 Imperial Age
32:22 Treadmill Crane
32:53 Masonry
33:04 Ballistics
32:44 Murder Holes
33:08 Bodkin Arrow
33:54 Chain Barding Armor
34:42 Iron Casting
34:23 Chain Mail Armor
34:20 Husbandry
33:48 Light Cavalry
34:57 Squires
34:17 Pikeman
36:20 Plate Barding Armor
35:33 Cavalier
37:45 Blast Furnace
38:10 Conscription
37:51 Chivalry
39:33 Plate Mail Armor
40:06 Chemistry
42:06 Hoardings
42:05 Caravan
42:41 Paladin
44:06 Arrowslits
44:52 Architecture
Kirito Wizard
9:54 Loom
12:02 Feudal Age
15:49 Castle Age
15:22 Double-Bit Axe
15:20 Horse Collar
15:32 Gold Mining
17:03 Bloodlines
19:47 Bow Saw
27:54 Redemption
28:12 Husbandry
29:41 Wheelbarrow
28:51 Town Watch
30:39 Light Cavalry
35:38 Imperial Age
34:29 Caravan
35:00 Coinage
37:03 Double Crossbow
37:27 Conscription
37:49 Hand Cart
37:35 Town Patrol
38:09 Heavy Scorpion
39:13 Scale Barding Armor
39:19 Forging
38:50 Capped Ram
39:56 Elite Battle Elephant
41:42 Siege Ram
43:11 Hussar
43:12 Cavalier
47:57 Chain Barding Armor
48:13 Iron Casting
49:20 Plate Barding Armor
56:27 Blast Furnace
63:24 Spies/Treason
Espectro
1:44 Loom
10:34 Feudal Age
12:01 Wheelbarrow
11:18 Double-Bit Axe
20:14 Castle Age
20:05 Stone Mining
20:09 Gold Mining
21:48 Stone Shaft Mining
21:33 Town Watch
22:50 Pikeman
26:06 Ballistics
30:01 Bow Saw
30:46 Stronghold
34:13 Fletching
36:05 Hand Cart
35:48 Bodkin Arrow
36:41 Horse Collar
42:51 Imperial Age
41:50 Scale Mail Armor
41:59 Heavy Plow
43:43 Forging
44:06 Conscription
44:35 Chain Mail Armor
46:50 Chemistry
45:47 Murder Holes
46:04 Fortified Wall
47:03 Medium Warships
46:37 Fishing Lines
48:16 Furor Celtica
47:34 Elite Woad Raider
49:05 Iron Casting
49:01 Plate Mail Armor
48:33 Padded Archer Armor
48:12 Demolition Ship
50:01 Gold Shaft Mining
49:35 Scale Barding Armor
50:48 Masonry
50:43 Siege Engineers
54:13 Gillnets
63:57 Hoardings
64:29 Sappers
66:03 Blast Furnace
65:24 Chain Barding Armor
65:20 Leather Archer Armor
66:06 Spies/Treason
Aztek
9:52 Loom
11:38 Feudal Age
12:26 Feudal Age
16:11 Castle Age
15:01 Double-Bit Axe
14:57 Horse Collar
17:56 Forging
20:10 Scale Barding Armor
27:05 Heavy Plow
28:01 Iron Casting
27:48 Chain Barding Armor
27:36 Husbandry
27:57 Bloodlines
29:11 Town Watch
30:01 Wheelbarrow
30:11 Pikeman
30:52 Squires
31:11 Town Patrol
33:07 Gold Mining
33:08 Stone Mining
33:36 Hand Cart
37:23 Imperial Age
36:00 Fletching
36:50 Bodkin Arrow
36:56 Padded Archer Armor
37:34 Cavalier
38:56 Plate Barding Armor
38:25 Bracer
43:12 Ballistics
43:52 Chemistry
43:20 Onager
45:04 Murder Holes
47:55 Halberdier
48:59 Scale Mail Armor
56:54 Paladin
shprot
10:57 Feudal Age
10:10 Loom
15:13 Castle Age
15:11 Horse Collar
27:19 Husbandry
37:26 Double-Bit Axe
39:05 Caravan
44:05 Imperial Age
48:08 Onager
51:37 Scale Barding Armor
51:43 Forging
TownsVanFran
0:50 Loom
13:39 Feudal Age
14:30 Double-Bit Axe
14:27 Horse Collar
17:05 Man-at-Arms
20:02 Castle Age
18:01 Man-at-Arms
19:17 Fishing Lines
21:26 Bow Saw
21:53 Gillnets
21:56 Pikeman
23:02 Heavy Plow
24:47 Wheelbarrow
24:46 Long Swordsman
25:29 Scale Mail Armor
30:08 Squires
31:37 Ballistics
31:27 Fortified Wall
31:13 Murder Holes
38:21 Imperial Age
37:08 Caravan
38:40 Hand Cart
40:39 Chain Mail Armor
41:01 Conscription
41:37 Crop Rotation
43:02 Careening
44:34 Chemistry
43:40 Siege Engineers
43:51 Clinker Construction
44:03 Siege Engineers
44:03 Gold Mining
46:08 Medium Warships
45:19 Demolition Ship
45:24 Legionary
47:29 Forging
46:41 Halberdier
48:59 Capped Ram
50:19 Heavy Warships
51:06 Siege Ram
52:52 Heavy Scorpion
Potatoes are my favourite fruit
12:25 Feudal Age
11:57 Loom
15:05 Fishing Lines
17:36 Castle Age
15:36 Double-Bit Axe
16:13 Gold Mining
17:43 Wheelbarrow
18:12 Gillnets
18:34 Medium Warships
20:05 Bow Saw
21:35 Fletching
21:48 Scale Mail Armor
21:58 Forging
24:05 Ballistics
25:50 Hand Cart
26:39 Treadmill Crane
27:09 Masonry
27:06 Horse Collar
27:46 Bodkin Arrow
34:31 Imperial Age
32:16 Careening
32:25 Clinker Construction
34:16 Padded Archer Armor
33:41 Pikeman
35:01 Elite Caravel
36:08 Heavy Warships
36:51 Chemistry
37:00 Conscription
36:43 Arquebus
36:45 Circumnavigation
37:41 Caravan
38:16 Dry Dock
38:17 Carvel Hull
40:21 Two-Man Saw
39:12 Town Watch
39:29 Bracer
39:45 Leather Archer Armor
40:06 Architecture
39:49 Elite Organ Gun
40:17 Elite Cannon Galleon
42:38 Siege Engineers
42:50 Thumb Ring
43:52 Ring Archer Armor
43:38 Chain Mail Armor
43:58 Iron Casting
44:55 Town Patrol
Connection lost

Rejoining the realm…

Still unreachable

The connection could not be restored.

Session expired

The server has moved on; the page needs a fresh start.